Map: Overgrown Facility

Players

SovietUnion

  • Race: Protoss Protoss
  • Spawn Location: 7:00

Gladios

  • Race: Zerg Zerg
  • Spawn Location: 9:00

PureLegacy - Winner!

  • Race: Terran Terran
  • League: Master
  • Spawn Location: 3:00

GGyO - Winner!

  • Race: Terran Terran
  • Spawn Location: 1:00

VOD

Have the link to the VOD?

Description

Time

  • Played on: Dec. 6, 2018, 12:12 p.m.
  • Length: 11:42
Show
View Real Time Build Order
Export as new Build Order

SovietUnion Protoss 

Build Orders: Zealot Archon 

Get SALT Encoding   

  12  0:00  Probe  
  13  0:13  Probe  
  14  0:19  Pylon  
  14  0:26  Probe  
  15  0:34  Probe  
  15  0:42  Probe  
  16  0:44  Gateway  
  17  0:52  Probe  
  17  0:54  Assimilator  
  18  1:04  Probe  
  18  1:07  Gateway  
  19  1:17  Probe  
  20  1:22  Pylon  
  20  1:31  Cybernetics Core  
  20  1:40  Probe  
  21  1:58  Stalker x2  
  25  2:19  Nexus  
  25  2:27  Stalker  
  27  2:38  Pylon  
  27  2:48  Probe  
  28  2:56  Warp Gate  
  28  3:00  Probe  
  28  3:04  Shield Battery  
  29  3:06  Shield Battery  
  29  3:09  Stalker  
  31  3:16  Assimilator  
  31  3:19  Probe  
  32  3:31  Twilight Council  
  32  3:32  Probe x2  
  34  3:47  Pylon  
  34  3:58  Charge  
  34  4:15  Probe  
  34  4:16  Probe  
  36  4:32  Shield Battery  
  36  4:33  Stalker x2, Shield Battery  
  38  4:39  Gateway  
  38  4:41  Gateway  
  38  5:09  Probe  
  38  5:12  Probe  
  38  5:14  Robotics Facility  
  40  5:17  Probe  
  40  5:20  Templar Archives  
  41  5:25  Probe  
  40  5:29  Zealot x2  
  44  5:36  Probe  
  44  5:37  Probe  
  44  5:42  Assimilator  
  46  5:44  Probe  
  46  5:45  Assimilator  
  46  5:46  Blink  
  46  5:49  Probe  
  48  5:53  Probe  
  49  6:01  Probe  
  49  6:02  Immortal  
  54  6:06  Pylon  
  54  6:10  Pylon  
  54  6:24  Probe  
  55  6:27  Psionic Storm  
  55  6:38  Pylon  
  55  6:40  Zealot x2  
  55  6:41  Zealot x2  
  55  6:46  Observer  
  64  6:57  Probe  
  64  7:00  Probe  
  66  7:05  Probe  
  66  7:06  Pylon  
  66  7:12  Probe  
  66  7:14  Observer  
  69  7:22  Pylon  
  69  7:24  Probe  
  69  7:26  Pylon  
  69  7:28  Nexus  
  69  7:38  High Templar x3  
  69  7:40  Zealot  
  69  7:42  Archon  
  67  7:58  Probe x2  
  67  8:03  Forge  
  67  8:05  Gateway  
  67  8:06  Gateway  
  67  8:08  Forge  
  67  8:10  Nexus, Probe x2  
  69  8:15  Shield Battery  
  69  8:16  Protoss Ground Weapons Level 1  
  69  8:17  Shield Battery  
  69  8:18  High Templar x3  
  75  8:22  Archon  
  75  8:23  Protoss Ground Armor Level 1  
  75  8:24  Immortal  
  79  8:39  Probe x2  
  81  8:42  Pylon  
  81  9:04  Zealot x2  
  81  9:05  Zealot x4  
  93  9:25  Probe x3  
  93  9:27  Zealot x4  
  93  9:28  Zealot  
  94  10:01  Zealot  
  94  10:02  Zealot x3  
  94  10:04  Stalker x2  
  106  10:14  Probe x3  
  108  10:16  Assimilator  
  108  10:17  Pylon  
  108  10:18  Assimilator  
  108  10:20  Stargate  
  77  10:41  High Templar x2  
  77  10:42  Stalker x3  
  87  10:43  Zealot  
  89  10:50  Archon  
  89  11:01  Probe x2  
  91  11:04  High Templar  
  87  11:17  Stalker  
  87  11:18  Stalker x3  
  91  11:19  Stalker  
Show
View Real Time Build Order
Export as new Build Order

Gladios Zerg 

Build Orders: Pool First, Zergling Baneling 

Get SALT Encoding   

  12  0:01  Drone  
  13  0:09  Drone  
  14  0:22  Overlord  
  14  0:36  Spawning Pool  
  14  0:37  Drone  
  14  0:45  Drone  
  15  0:54  Drone x2  
  15  0:55  Extractor  
  16  0:59  Drone  
  17  1:10  Drone  
  18  1:21  Drone  
  18  1:23  Queen  
  21  1:32  Drone  
  22  1:55  Metabolic Boost  
  22  1:57  Overlord  
  22  2:02  Hatchery  
  22  2:04  Zergling x2  
  22  2:16  Baneling Nest, Zergling x4  
  23  2:28  Zergling x2  
  24  2:32  Zergling x6  
  27  2:41  Zergling x2  
  27  2:57  Zergling x2  
  28  3:02  Zergling x2  
  29  3:10  Zergling x2  
  29  3:12  Overlord x2  
  30  3:20  Overlord  
  30  3:29  Baneling x8  
  30  3:31  Zergling x6  
  33  3:36  Queen  
  27  3:59  Zergling x6  
  27  4:00  Zergling x4  
  27  4:19  Zergling x2  
  27  4:20  Zergling x8  
  27  4:23  Zergling x2  
  33  4:26  Lair  
  33  4:28  Extractor  
  33  4:30  Drone  
  33  4:40  Baneling x2  
  28  5:02  Drone  
  28  5:03  Drone x6  
  35  5:28  Infestation Pit  
  34  5:29  Drone x5  
  34  5:30  Drone  
  40  5:37  Drone, Overlord  
  38  5:55  Drone x5  
  43  6:05  Pathogen Glands  
  43  6:10  Drone x4, Extractor  
  46  6:12  Extractor  
  42  6:40  Infestor x2  
  42  6:44  Zergling x4  
  42  6:45  Zergling x16  
  56  6:57  Infestor  
  56  7:01  Hatchery  
  57  7:09  Infestor  
  59  7:23  Swarm Host  
  59  7:24  Zergling x12  
  68  7:30  Evolution Chamber  
  68  7:31  Evolution Chamber, Infestor  
  68  7:39  Baneling x4  
  68  7:40  Baneling  
  67  8:09  Zerg Melee Weapons Level 1  
  67  8:14  Zergling x12  
  67  8:19  Overlord x3  
  73  8:20  Overlord  
  73  8:44  Drone  
  73  8:45  Drone x3  
  77  9:00  Zergling x2  
  77  9:01  Zergling x12  
  80  9:20  Baneling x13  
  80  9:21  Baneling x7  
  32  9:54  Spawning Pool  
  31  10:10  Drone x6  
  37  10:24  Hatchery  
  37  10:28  Extractor  
  35  10:30  Infestor x7  
  35  10:31  Infestor  
  51  10:42  Lair  
  51  10:45  Zergling x2  
  52  11:00  Hatchery  
Show
View Real Time Build Order
Export as new Build Order

PureLegacy Terran - Winner!

Build Orders: Reaper Expand 

Get SALT Encoding   

  12  0:01  SCV  
  13  0:13  SCV  
  14  0:18  Supply Depot  
  14  0:25  SCV  
  15  0:40  SCV  
  15  0:41  Barracks  
  16  0:48  Refinery  
  16  0:53  SCV  
  17  1:05  SCV  
  18  1:28  SCV  
  19  1:40  Reaper  
  19  1:41  Orbital Command  
  19  1:46  Command Center  
  20  2:02  Supply Depot  
  20  2:07  SCV  
  21  2:08  Barracks  
  21  2:15  Barracks Reactor  
  21  2:20  SCV  
  22  2:23  Barracks  
  22  2:32  SCV  
  22  2:35  Supply Depot  
  23  2:44  Bunker, SCV  
  24  2:51  Marine x2  
  26  2:59  Orbital Command  
  26  3:01  SCV  
  26  3:03  Refinery  
  26  3:04  Barracks Tech Lab  
  26  3:10  Marine x2  
  28  3:12  Marine  
  28  3:14  SCV  
  30  3:23  Marine, Stimpack  
  30  3:25  SCV  
  33  3:27  SCV  
  33  3:31  Marine x2  
  35  3:37  SCV  
  36  3:41  Marine x2  
  36  3:44  SCV  
  39  3:48  Marine  
  39  3:49  Marine  
  39  3:59  Marine x2  
  37  4:07  Marine x2  
  37  4:12  SCV  
  37  4:16  SCV  
  39  4:17  Supply Depot  
  39  4:22  Factory  
  37  4:24  Marine x2  
  37  4:26  Bunker  
  37  4:27  Bunker  
  39  4:33  Marine x2  
  39  4:46  SCV x2  
  39  4:54  Marine x2  
  41  5:02  Marine x2  
  41  5:04  SCV x2  
  41  5:06  Engineering Bay  
  45  5:08  Starport  
  45  5:09  Factory Reactor  
  45  5:16  SCV x2  
  47  5:23  Marine x4  
  51  5:30  Supply Depot, Combat Shield  
  51  5:33  SCV  
  52  5:36  Terran Infantry Weapons Level 1  
  52  5:39  SCV  
  52  5:42  Barracks Reactor  
  53  5:45  SCV  
  53  5:49  Supply Depot  
  54  5:52  SCV  
  54  5:53  Supply Depot  
  55  6:03  SCV  
  55  6:04  SCV  
  57  6:10  Barracks  
  57  6:11  Barracks  
  57  6:15  SCV  
  57  6:16  Refinery, SCV  
  57  6:18  Refinery  
  59  6:22  Medivac x2  
  63  6:28  Factory Tech Lab  
  63  6:29  SCV  
  63  6:30  SCV  
  63  6:32  Supply Depot  
  65  6:39  Marine  
  65  6:40  Marine x4  
  65  6:42  SCV x2  
  65  6:47  Supply Depot x2  
  72  6:49  Siege Tank  
  75  6:59  Barracks Reactor x2  
  75  7:00  Marine x4  
  79  7:02  SCV  
  79  7:04  SCV  
  81  7:09  Supply Depot  
  81  7:14  SCV  
  82  7:16  SCV  
  82  7:19  Supply Depot  
  82  7:20  Supply Depot  
  82  7:21  Marine x4  
  87  7:24  Marine  
  87  7:28  SCV  
  89  7:35  Terran Infantry Armor Level 1  
  89  7:39  Marine x4, Siege Tank  
  85  7:55  Marine x5  
  85  7:56  Marine  
  85  7:57  Marine  
  81  7:58  Medivac x2  
  81  8:02  Marine  
  81  8:03  Marine  
  87  8:11  Siege Tank  
  90  8:13  Marine x5  
  95  8:20  Marine x2  
  95  8:25  Command Center  
  97  8:29  SCV  
  97  8:31  Armory  
  97  8:32  Engineering Bay  
  97  8:33  SCV  
  99  8:41  SCV  
  99  8:45  Supply Depot  
  99  8:46  Marine x3  
  99  8:47  Marine x4  
  107  8:55  Supply Depot  
  107  8:57  SCV x2  
  109  9:09  SCV x2  
  111  9:10  Marine x4  
  111  9:11  Marauder  
  117  9:17  Barracks  
  114  9:38  Marine x3  
  114  9:39  Marine x4  
  114  9:40  Marauder  
  97  9:53  Orbital Command  
  97  9:56  Marine x4  
  97  9:57  Supply Depot, Marine x3  
  104  10:04  Marauder, Concussive Shells  
  106  10:07  Marine x2  
  108  10:16  Barracks  
  108  10:22  Marine x5  
  108  10:23  Marauder  
  108  10:26  Marauder  
  106  10:32  Medivac x2  
  92  10:37  Marine x3  
  92  10:39  Marine  
  92  10:40  Marine x2  
  92  10:41  Marine x2  
  100  10:50  Command Center  
  100  10:51  Marauder x2  
  103  11:02  Medivac x2, Marine x4  
  103  11:03  Marine x2, Barracks Tech Lab  
  113  11:09  Marine x2  
  115  11:18  Marine x2  
  114  11:20  Marine x2  
Show
View Real Time Build Order
Export as new Build Order

GGyO Terran - Winner!

Build Orders: Mech 

Get SALT Encoding   

  12  0:00  SCV  
  13  0:12  SCV  
  14  0:18  Supply Depot  
  14  0:25  SCV  
  15  0:30  Refinery  
  15  0:40  SCV  
  16  0:46  Barracks  
  16  0:52  SCV  
  17  1:01  Refinery  
  17  1:04  SCV  
  18  1:16  SCV  
  19  1:29  SCV  
  20  1:36  Factory  
  20  1:38  Reaper  
  21  1:41  Orbital Command  
  21  1:51  Supply Depot  
  21  2:07  SCV  
  22  2:11  Barracks Reactor  
  22  2:19  SCV  
  23  2:31  Factory Tech Lab, SCV  
  24  2:48  Command Center  
  24  3:08  SCV  
  24  3:09  Marine x2, Siege Tank  
  30  3:14  Supply Depot  
  30  3:20  SCV  
  31  3:30  Command Center  
  31  3:35  Marine x2  
  31  3:36  SCV  
  34  3:53  Marine x2  
  36  3:58  Siege Tank  
  38  4:11  Marine x2  
  35  4:29  Marine x2  
  35  4:30  Siege Tank  
  36  4:47  Marine x2  
  38  4:59  Orbital Command  
  38  5:03  Siege Tank  
  40  5:30  Bunker  
  40  5:31  SCV  
  40  5:32  Starport  
  40  5:33  Orbital Command  
  40  5:35  Siege Tank  
  44  5:36  SCV  
  44  5:41  Refinery  
  45  5:43  SCV  
  45  6:03  SCV  
  46  6:06  SCV x2  
  46  6:11  Starport  
  48  6:30  Orbital Command  
  47  6:40  SCV, Starport Tech Lab  
  47  6:42  Factory, SCV  
  47  6:44  Siege Tank  
  47  6:45  Factory  
  53  6:52  SCV  
  54  6:58  SCV x2  
  55  7:04  Refinery x2, SCV  
  56  7:09  Engineering Bay  
  56  7:10  SCV x2  
  58  7:16  SCV  
  58  7:17  Fusion Core  
  58  7:22  SCV x2  
  61  7:28  SCV  
  62  7:32  Refinery  
  62  7:34  Supply Depot, SCV  
  62  7:35  SCV  
  64  7:37  Supply Depot  
  64  7:40  SCV  
  64  7:41  Factory Tech Lab  
  65  7:46  SCV  
  65  7:47  SCV  
  67  7:52  Factory Tech Lab, SCV  
  67  7:55  Siege Tank  
  71  7:59  SCV x2  
  71  8:01  Liberator, Supply Depot  
  71  8:02  Supply Depot  
  71  8:04  SCV  
  74  8:06  Missile Turret  
  74  8:10  Missile Turret  
  74  8:11  SCV x2  
  76  8:15  Missile Turret  
  76  8:17  SCV  
  80  8:23  SCV x2  
  80  8:26  Liberator  
  80  8:27  Hellion, Siege Tank  
  85  8:29  SCV  
  88  8:34  Supply Depot  
  88  8:35  Supply Depot  
  88  8:39  SCV x2  
  88  8:41  SCV  
  94  8:51  SCV x2  
  94  8:52  Advanced Ballistics  
  96  9:07  Liberator  
  96  9:09  Liberator x2  
  96  9:23  SCV x2  
  98  9:27  Hellion, Siege Tank x2  
  112  9:41  SCV  
  112  9:43  SCV x2  
  90  9:53  SCV  
  90  9:58  Command Center  
  88  10:01  Liberator  
  88  10:03  Factory, SCV  
  88  10:04  SCV, Siege Tank  
  88  10:05  Hellion, SCV  
  88  10:07  Armory x2  
  93  10:16  Liberator, SCV  
  93  10:17  Siege Tank  
  100  10:24  Supply Depot  
  100  10:26  Siege Tank  
  106  10:37  Hellion  
  108  10:49  Siege Tank  
  111  10:53  SCV x2  
  113  10:58  Hellion, Siege Tank  
  111  11:19  Hellion  
Tags
 
Add a new tag
Caveats
  • Supply blocks, unpowered buildings, or Contaminate may cause inaccurate times.
  • Supply counts are checked every 10 seconds.